 Dungeon Crawl Stone Soup version 0.23.0 (webtiles) character file.

Game seed: 16647997647126166049

43174 grindst0ne the Slicer (level 14, 0/95 HPs)
             Began as a Kobold Berserker on Feb 12, 2019.
             Was a High Priest of Trog.
             Slain by a white ugly thing (19 damage)
             ... on level 11 of the Dungeon.
             The game lasted 00:39:48 (19972 turns).

grindst0ne the Slicer (Kobold Berserker)           Turns: 19972, Time: 00:39:48

Health: 0/95       AC: 20    Str: 20    XL:     14   Next: 59%
Magic:  18/18      EV: 16    Int:  6    God:    Trog [*****.]
Gold:   1121       SH:  0    Dex: 14    Spells: 13/13 levels left

rFire    + . .     SeeInvis +   D - +1 dagger (venom)
rCold    . . .     Gourm    .   (shield restricted)
rNeg     . . .     Faith    .   x - +3 chain mail {rF+}
rPois    .         Spirit   .   (helmet restricted)
rElec    .         Reflect  .   U - +0 cloak
rCorr    .         Harm     .   t - +0 pair of gloves
MR       ++...                  C - +0 pair of boots
Stlth    ..........             (no amulet)
HPRegen  0.25/turn              N - ring of see invisible
MPRegen  0.16/turn              O - ring of Faifilisi {+Fly MR+ Int-4} (curse)

@: berserk cooldown, hasted and slowed
A: small, horns 1, molten scales 1, carnivore, clever 1
a: Berserk, Trog's Hand, Brothers in Arms, Renounce Religion, Evoke Flight


You were on level 11 of the Dungeon.
You worshipped Trog.
Trog was extremely pleased with you.
You were very full.

You visited 2 branches of the dungeon, and saw 17 of its levels.
You also visited: Volcano.

You collected 1121 gold pieces.

Inventory:

Hand Weapons
 f - a +3 antimagic falchion
 D - a +1 dagger of venom (weapon)
 W - a +6 scimitar
Missiles
 j - 6 tomahawks of returning (quivered)
 m - 15 tomahawks
Armour
 t - a +0 pair of gloves (worn)
 x - a +3 chain mail of fire resistance (worn)
 C - a +0 pair of boots (worn)
 T - a +2 buckler
 U - a +0 cloak (worn)
Jewellery
 N - a ring of see invisible (left hand)
 O - the cursed ring of Faifilisi (right hand) {+Fly MR+ Int-4}
   (You found it on level 1 of the Lair of Beasts)

   [ring of intelligence]

   It affects your intelligence (-4).
   It affects your resistance to hostile enchantments.
   It lets you fly.
   It has a curse placed upon it.
 R - an uncursed ring of wizardry
Wands
 a - a wand of polymorph (15)
 y - a wand of flame (88)
 J - a wand of random effects (26)
 K - a wand of iceblast (6)
Scrolls
 d - 11 scrolls of remove curse
 g - 2 scrolls of immolation {unknown}
 i - 6 scrolls of fear
 l - a scroll of magic mapping {unknown}
 q - 6 scrolls of teleportation
 r - a scroll of enchant armour {unknown}
 s - 2 scrolls of random uselessness {unknown}
 v - 7 scrolls of noise {unknown}
 w - 2 scrolls of fog {unknown}
 E - a scroll of holy word {unknown}
 F - 4 scrolls of enchant weapon {unknown}
 L - a scroll of vulnerability {unknown}
 Q - 2 scrolls of blinking {unknown}
 S - 5 scrolls of identify
Potions
 b - 3 potions of resistance {unknown}
 e - 3 potions of brilliance
 h - a potion of curing
 k - a potion of invisibility
 n - a potion of ambrosia
 o - a potion of lignification
 p - 3 potions of haste
 u - 4 potions of degeneration
 z - 2 potions of mutation
 A - 3 potions of flight
 B - 3 potions of agility
 G - a potion of berserk rage
 H - a potion of heal wounds
 M - 2 potions of might {unknown}
Miscellaneous
 P - a lightning rod (3/4)
Comestibles
 c - 21 rations


   Skills:
 + Level 13.7 Fighting
 - Level 14.0 Short Blades
 - Level 10.0 Armour
 - Level 10.2 Dodging
 * Level 8.5 Shields
 - Level 6.0 Evocations


You had 13 spell levels left.
You didn't know any spells.
Your spell library was empty.

Dungeon Overview and Level Annotations

Branches:
Dungeon (11/15)            Temple (0/1) D:6            Lair (6/6) D:9
 Shoals (0/4) Lair:4       Spider (0/4) Lair:3        Slime (0/5) Lair:6
    Orc (0/2) D:10

Altars:
Ashenzari
Cheibriados
Dithmenos
Fedhas
Hepliaklqana
Kikubaaqudgha
Makhleb
Nemelex Xobeh
Ru
Uskayaw
Xom
Yredelemnul
Jiyva

Shops:
D:11 !

Annotations:
Lair:5 exclusion: upstairs


Innate Abilities, Weirdness & Mutations

You are small and have problems with some larger weapons.
You are carnivorous and can eat meat at any time.
You have a pair of small horns on your head.
You are partially covered in molten scales. (AC +2)
Your mind is acute. (Int +2)


Message History

You barely miss the purple ugly thing.
Your headbutt misses the purple ugly thing.
The purple ugly thing is heavily wounded.
The purple ugly thing punches you!
The purple ugly thing basks in the mutagenic energy from its kin and changes!
Items here: )) †† a +0 dagger; a +0 mace; an orc corpse x2
The white ugly thing tentacle-slaps you!
The white ugly thing freezes you!!
* * * LOW HITPOINT WARNING * * *
Items here: )) [ †† a +0 mace; a +0 battleaxe; a +0 plate armour; an orc corpse x2
The white ugly thing barely misses you.
Okay, then.
You feel yourself speed up. The white ugly thing barely misses you.
The white ugly thing basks in the mutagenic energy from its kin and changes!
The white ugly thing kicks you.
* * * LOW HITPOINT WARNING * * *
The white ugly thing freezes you!!
You die...

#. #...#..#.##
....#.∩)#....####
......))........#
....###...>.....#
.... #.........#
... #u........#
.. #.........#
#.u.......#
#.@.......#
#.........#
#.........
##########


You could see 2 ugly things.

Vanquished Creatures
  A red draconian (Volcano)
  4 hydras
  A merfolk avatar (Lair:6)
  A two-headed ogre (D:8)
  Urug (Lair:3)
  The ghost of coffeespoons the Basher, a novice GrWn of Okawaru (Lair:1)
  A salamander mystic (Volcano)
  An unseen horror (D:10)
  Pikel (D:6)
  An obsidian statue (Volcano)
  A harpy (Lair:5)
  2 manticores (Lair:6)
  Maurice (D:9)
  3 salamanders (Volcano)
  15 elephants
  3 black mambas
  11 spiny frogs
  4 rime drakes
  8 komodo dragons
  A troll (D:9)
  A wind drake (Lair:6)
  3 polar bears
  3 hornets
  5 hippogriffs
  8 blink frogs
  4 dream sheep (Lair:6)
  3 spriggans (Lair:3)
  2 wyverns (Lair:6)
  Eustachio (D:6)
  18 yaks
  5 fire bats (Volcano)
  3 hogs (D:9)
  A human (D:9)
  2 basilisks
  2 steam dragons
  5 vampire mosquitoes (Lair:2)
  Edmund (D:6)
  2 insubstantial wisps (Lair:2)
  13 water moccasins
  9 porcupines
  5 ice beasts
  A black bear (Lair:2)
  6 orc warriors
  2 phantoms
  2 eyes of draining (D:9)
  4 ogres
  12 wolves
  2 centaurs
  12 crocodiles
  A gnoll sergeant (D:5)
  A big kobold (D:7)
  13 bullfrogs
  3 killer bees (D:9)
  7 scorpions
  5 wights (D:9)
  2 howler monkeys
  An electric eel (Lair:2)
  2 crimson imps
  5 lava snakes (Volcano)
  A gnoll shaman (D:6)
  A quasit (D:10)
  4 hounds
  12 orc priests
  2 bullfrog skeletons
  A centaur skeleton (D:8)
  6 orc wizards
  4 iguanas
  Natasha (thrice) (D:4)
  5 worker ants
  A howler monkey skeleton (D:5)
  12 gnolls
  12 adders
  A shadow imp (D:8)
  4 oozes
  5 worms
  4 dart slugs
  6 leopard geckos
  46 orcs
  6 bats
  7 giant cockroaches
  12 goblins
  10 hobgoblins
  11 jackals
  8 kobolds
  5 quokkas
  A ball python (D:8)
  4 frilled lizards
  A leopard gecko skeleton (D:4)
  6 rats
440 creatures vanquished.

Vanquished Creatures (others)
  5 fungi
  7 plants
12 creatures vanquished.

Grand Total: 452 creatures vanquished

Notes
Turn   | Place    | Note
-------+----------+-------------------------------------------
     0 | D:1      | grindst0ne the Kobold Berserker began the quest for the
                  | Orb.
     0 | D:1      | Reached XP level 1. HP: 14/14 MP: 1/1
   232 | D:1      | Reached XP level 2. HP: 16/19 MP: 2/2
   569 | D:1      | Reached XP level 3. HP: 23/24 MP: 3/3
  1050 | D:2      | Reached XP level 4. HP: 24/29 MP: 4/4
  1202 | D:2      | Reached skill level 5 in Short Blades
  1223 | D:2      | Reached ** piety under Trog
  1447 | D:2      | Gained mutation: You are partially covered in molten
                  | scales. (AC +2) [potion of mutation]
  1447 | D:2      | Gained mutation: You have a pair of small horns on your
                  | head. [potion of mutation]
  1447 | D:2      | Gained mutation: Your mind is acute. (Int +2) [potion of
                  | mutation]
  1671 | D:3      | Reached XP level 5. HP: 33/33 MP: 5/5
  2113 | D:3      | Reached XP level 6. HP: 39/39 MP: 6/6
  2128 | D:3      | Found a hide-covered altar of Uskayaw.
  2186 | D:3      | Found a sparkling altar of Nemelex Xobeh.
  2302 | D:3      | Found a faded altar of an unknown god.
  2645 | D:4      | Reached *** piety under Trog
  2650 | D:4      | Found a basalt altar of Yredelemnul.
  2664 | D:4      | Found a shimmering altar of Xom.
  2718 | D:4      | Noticed Natasha
  2729 | D:4      | Killed Natasha
  2729 | D:4      | Reached skill level 6 in Short Blades
  2754 | D:4      | Noticed Natasha
  2760 | D:4      | Killed Natasha
  2793 | D:4      | Noticed Natasha
  2804 | D:4      | Killed Natasha
  2804 | D:4      | Reached skill level 5 in Fighting
  2930 | D:4      | Found a snail-covered altar of Cheibriados.
  3033 | D:4      | Reached skill level 5 in Dodging
  3180 | D:4      | Found a shattered altar of Ashenzari.
  3239 | D:4      | Found a blossoming altar of Fedhas.
  3310 | D:5      | Entered Level 5 of the Dungeon
  3330 | D:5      | Received a gift from Trog
  3330 | D:5      | Reached XP level 7. HP: 43/44 MP: 7/7
  3564 | D:5      | Reached skill level 7 in Short Blades
  3754 | D:5      | Reached XP level 8. HP: 45/51 MP: 8/8
  4327 | D:6      | Reached **** piety under Trog
  4349 | D:6      | Reached skill level 8 in Short Blades
  4533 | D:6      | Found a staircase to the Ecumenical Temple.
  4538 | D:6      | Noticed Edmund
  4550 | D:6      | Killed Edmund
  4607 | D:6      | Noticed Eustachio
  4625 | D:6      | Killed Eustachio
  4625 | D:6      | Reached skill level 9 in Short Blades
  4625 | D:6      | Reached XP level 9. HP: 48/57 MP: 9/9
  4653 | D:6      | Noticed Pikel
  4671 | D:6      | Killed Pikel
  5218 | D:7      | Reached skill level 10 in Short Blades
  5319 | D:7      | Found a hazy altar of Hepliaklqana.
  5327 | D:7      | Found a burning altar of Makhleb.
  5463 | D:7      | Noticed a hippogriff
  5468 | D:7      | Killed a hippogriff
  5473 | D:7      | Reached XP level 10. HP: 65/65 MP: 10/10
  5580 | D:7      | Found an ancient bone altar of Kikubaaqudgha.
  6123 | D:8      | Noticed a two-headed ogre
  6133 | D:8      | Killed a two-headed ogre
  6133 | D:8      | Reached skill level 11 in Short Blades
  6133 | D:8      | Reached skill level 10 in Dodging
  6628 | D:8      | Found a sacrificial altar of Ru.
  7073 | D:9      | Reached ***** piety under Trog
  7083 | D:9      | Noticed Maurice
  7417 | D:9      | Reached skill level 10 in Fighting
  7696 | D:9      | Found a staircase to the Lair.
  7771 | D:9      | Killed Maurice
  7771 | D:9      | Reached skill level 12 in Short Blades
  7771 | D:9      | Reached XP level 11. HP: 69/72 MP: 11/11
  7994 | D:10     | Entered Level 10 of the Dungeon
  8126 | D:10     | Reached skill level 5 in Armour
  8406 | D:10     | Found a staircase to the Orcish Mines.
  8989 | Lair:1   | Entered Level 1 of the Lair of Beasts
  9018 | Lair:1   | Reached skill level 1 in Evocations
  9324 | Lair:1   | Found a runed translucent door.
  9324 | Lair:1   | Noticed coffeespoons's ghost (novice GrWn)
  9358 | Lair:1   | Killed coffeespoons's ghost
  9367 | Lair:1   | Got a clouded brass ring
  9368 | Lair:1   | Identified the cursed ring of Faifilisi {+Fly MR+ Int-4}
                  | (You found it on level 1 of the Lair of Beasts)
 10552 | Lair:2   | Noticed an elephant
 10552 | Lair:2   | Noticed an elephant
 10552 | Lair:2   | Noticed an elephant
 10552 | Lair:2   | Noticed an elephant
 10552 | Lair:2   | Noticed an elephant
 10559 | Lair:2   | Killed an elephant
 10559 | Lair:2   | Reached skill level 13 in Short Blades
 10566 | Lair:2   | Killed an elephant
 10575 | Lair:2   | Killed an elephant
 10575 | Lair:2   | Reached XP level 12. HP: 80/80 MP: 14/14
 11163 | Lair:2   | Received a gift from Trog
 11778 | Lair:2   | Reached skill level 5 in Evocations
 11997 | Lair:2   | Noticed a five-headed hydra
 12002 | Lair:2   | Killed a five-headed hydra
 12438 | Lair:3   | Found a hole to the Spider Nest.
 12756 | Lair:3   | Noticed a six-headed hydra
 12757 | Lair:3   | Noticed a five-headed hydra
 12761 | Lair:3   | Killed a five-headed hydra
 12761 | Lair:3   | Reached skill level 1 in Shields
 12765 | Lair:3   | Killed a six-headed hydra
 13018 | Lair:3   | Reached XP level 13. HP: 72/85 MP: 17/17
 13067 | Lair:3   | Reached skill level 14 in Short Blades
 13121 | Lair:3   | Noticed Urug
 13142 | Lair:3   | Killed Urug
 13991 | Lair:4   | Found a staircase to the Shoals.
 14519 | Lair:5   | Found a dark tunnel.
 14526 | Volcano  | Entered a volcano
 14722 | Volcano  | Noticed a red draconian
 14737 | Volcano  | Killed a red draconian
 14738 | Volcano  | Found a bloodstained altar of Trog.
 15390 | Lair:6   | Entered Level 6 of the Lair of Beasts
 15438 | Lair:6   | Reached skill level 5 in Shields
 16291 | Lair:6   | Reached skill level 10 in Armour
 16341 | Lair:6   | Reached XP level 14. HP: 26/92 MP: 18/18
 17689 | Lair:6   | Found a viscous altar of Jiyva.
 17689 | Lair:6   | Found a staircase to the Slime Pits.
 17699 | Lair:6   | Paralysed by a hornet for 1 turns
 18407 | Lair:4   | Received a gift from Trog
 19652 | D:10     | Found a shadowy altar of Dithmenos.
 19927 | D:11     | Found Ereffi's Distillery.
 19972 | D:11     | Slain by a white ugly thing

Skill      XL: |  1  2  3  4  5  6  7  8  9 10 11 12 13 14 |
---------------+-------------------------------------------+-----
Dodging        | 3 4 5 6 7 9 10 | 10.2
Fighting       | 4 5 6 7 8 10 11 12 13 | 13.7
Short Blades   | 5 6 7 9 10 12 13 14 | 14.0
Armour         | 4 6 8 10 | 10.0
Evocations     | 3 6 |  6.0
Shields        | 1 5 8 |  8.5

Action                   |  1- 3 |  4- 6 |  7- 9 | 10-12 | 13-15 || total
-------------------------+-------+-------+-------+-------+-------++-------
Melee: Short sword       |   127 |   285 |   299 |    53 |       ||   764
       Headbutt          |       |    36 |    68 |   229 |   286 ||   619
       Dagger            |       |       |       |   955 |  1015 ||  1970
Invok: Berserk           |       |     8 |     7 |    24 |    23 ||    62
       Trog's Hand       |       |       |       |     1 |     1 ||     2
Evoke: Wand              |       |       |       |    16 |    10 ||    26
       Lightning rod     |       |       |       |       |     8 ||     8
  Use: Potion            |       |     2 |       |     1 |     9 ||    12
       Scroll            |       |     1 |     4 |     8 |     1 ||    14
 Stab: Invisible         |       |       |       |       |     3 ||     3
  Eat: Chunk             |     9 |    15 |    13 |    46 |    43 ||   126
Armor: Ring mail         |    55 |    70 |    17 |       |       ||   142
       Scale mail        |       |       |    26 |       |    88 ||   114
       Chain mail        |       |       |    27 |    29 |   165 ||   221
       Plate armour      |       |       |       |   292 |     6 ||   298
       Skin              |       |       |       |       |    11 ||    11
Dodge: Dodged            |    93 |   220 |   169 |   427 |   538 ||  1447
